 Dungeon Crawl Stone Soup version 0.18.1-48-g4cf74bf (webtiles) character file.

11018 laaw the Blocker (level 12, -4/91 HPs)
             Began as a Human Fighter on Sept 3, 2016.
             Was an Elder of Makhleb.
             Slain by a vault guard
             ... wielding a +0 broad axe
              (21 damage)
             ... on level 10 of the Dungeon.
             The game lasted 01:19:14 (13286 turns).

laaw the Blocker (Human Fighter)                   Turns: 13286, Time: 01:19:15

Health: -4/91      AC: 15    Str: 20    XL:     12   Next: 2%
Magic:  12/12      EV: 10    Int:  6    God:    Makhleb [****..]
Gold:   389        SH: 12    Dex: 14    Spells: 0 memorised, 11 levels left

rFire  . . .     SeeInvis +     S - +6 whip of Tethoize {freeze, rN+++ MR+ Int-3 SInv}
rCold  + . .     Gourm    .     n - +0 chain mail {rC+}
rNeg   + + +     Faith    +     c - +0 shield
rPois  .         Spirit   .     (no helmet)
rElec  .         Dismiss  .     s - +0 cloak
rCorr  .         Reflect  .     D - +0 pair of gloves
SustAt .         Harm     .     l - +0 pair of boots
MR     +....                    u - amulet of faith
Stlth  ..........               (no ring)
                                (no ring)

@: somewhat resistant to hostile enchantments, extremely unstealthy
A: no striking features
a: Minor Destruction, Lesser Servant of Makhleb, Major Destruction, Renounce
Religion


You were on level 10 of the Dungeon.
You worshipped Makhleb.
Makhleb was greatly pleased with you.
You were not hungry.

You visited 2 branches of the dungeon, and saw 12 of its levels.

You collected 629 gold pieces.
You spent 240 gold pieces at shops.

Inventory:

Hand Weapons
 a - a +0 war axe
 v - a +4 hand axe of freezing
 P - the +2 hand axe of the Yoke {elec, rN+}
   (You found it on level 7 of the Dungeon)

   Occasionally, upon striking a foe, it will discharge some electrical energy
   and cause terrible harm.
   It protects you from negative energy.
 S - the +6 whip of Tethoize (weapon) {freeze, rN+++ MR+ Int-3 SInv}
   (You bought it in a shop on level 8 of the Dungeon)

   It has been specially enchanted to freeze those struck by it, causing extra
   injury to most foes and up to half again as much damage against particularly
   susceptible opponents.
   It can also slow down cold-blooded creatures.
   It affects your intelligence (-3).
   It renders you almost immune to negative energy.
   It affects your resistance to hostile enchantments.
   It lets you see invisible.
Missiles
 w - 2 silver tomahawks
 Q - 4 tomahawks (quivered)
Armour
 c - a +0 shield (worn)
 l - a +0 pair of boots (worn)
 n - a +0 chain mail of cold resistance (worn)
 s - a +0 cloak (worn)
 D - a +0 pair of gloves (worn)
Jewellery
 u - an amulet of faith (around neck)
 T - an uncursed amulet of regeneration {unknown}
Wands
 G - a wand of paralysis (17/24)
 M - a wand of digging (10/24)
 R - a wand of random effects (18/48)
Scrolls
 d - 3 scrolls of teleportation {unknown}
 p - 3 scrolls of fog
 t - 2 scrolls of recharging
 x - 2 scrolls of random uselessness {unknown}
 y - a scroll of immolation {unknown}
 E - 2 scrolls of blinking {unknown}
 F - a scroll of enchant weapon
 I - 3 scrolls of noise {unknown}
 K - 2 scrolls of magic mapping {unknown}
Potions
 b - 2 potions of cure mutation {unknown}
 g - 3 potions of flight
 h - a potion of heal wounds {unknown}
 j - 4 potions of mutation
 o - a potion of brilliance {unknown}
 r - 3 potions of curing
 B - 3 potions of haste
 C - a potion of resistance {unknown}
 H - a potion of agility
 L - 2 potions of lignification {unknown}
 N - a potion of berserk rage {unknown}
Books
 e - a book of the Dragon

   Spells                             Type                      Level
   a - Flame Tongue                   Conjuration/Fire             1
   b - Cause Fear                     Hexes                        4
   c - Bolt of Fire                   Conjuration/Fire             6
   d - Dragon Form                    Transmutation                7
   e - Dragon's Call                  Summoning                    9
Miscellaneous
 q - a fan of gales
Comestibles
 f - 7 bread rations
 i - 12 fruits
 k - 4 chunks of flesh
 m - 9 meat rations
 z - 2 slices of pizza
 J - 5 beef jerkies
 O - 7 royal jellies


   Skills:
 + Level 7.5 Fighting
 + Level 6.8(7.3) Axes
 + Level 4.0(6.0) Maces & Flails
 + Level 4.2 Throwing
 + Level 8.3 Armour
 + Level 7.6 Dodging
 + Level 1.8 Stealth
 + Level 9.7 Shields


You had 11 spell levels left.
You didn't know any spells.

Dungeon Overview and Level Annotations

Branches:
Dungeon (11/15)            Temple (1/1) D:7            Lair (0/8) D:10
    Orc: D:9-12

Altars:
Ashenzari
Cheibriados
Dithmenos
Elyvilon
Fedhas
Gozag
Kikubaaqudgha
Makhleb
Nemelex Xobeh
Okawaru
Pakellas
Qazlal
Ru
Sif Muna
Trog
Vehumet
Xom
Yredelemnul
Zin
The Shining One

Shops:
D:8 (

Annotations:
D:10 !vault gaurd


Message History

The killer bee stings you but does no damage.
The killer bee closely misses you.
The orc wizard is no longer moving quickly.
You block the killer bee's attack.
The orc wizard mumbles some strange words.
The orc wizard seems to speed up.
You block the killer bee's attack. You block the killer bee's attack.
You block the killer bee's attack. The killer bee closely misses you.
You block the killer bee's attack.
The killer bee stings you but does no damage.
You block the killer bee's attack. You block the killer bee's attack.
There is a stone staircase leading up here.
Warning, next level annotated: !vault gaurd Enter next level anyway?
You block the killer bee's attack. x2
You climb upwards.
The vault guard hits you with a broad axe!!
You die...

.....# #....<......# #p#
+##### #...))......# #.#
#...........# #.#
#######.##### #.#
#######.#### ####'####
#..).......# #.(.....#
#.(........# #.......#
#.........y# #.p.....#
#........@p# #.......#
#..........# #(...)..#
#..........# ###.(.....#
#..........# #.'.%†....#
+..........#####.#.).....#
#..........'...p.#.......#
#..........###############
#..........# ############


You could see a vault guard and a killer bee.

Vanquished Creatures
  Harold (D:10)
  Erica (D:8)
  Pikel (D:5)
  Joseph (D:10)
  Psyche (D:8)
  A troll (D:10)
  Grinder (D:3)
  2 two-headed ogres
  A shadow (D:11)
  2 wyverns
  Eustachio (D:4)
  A hungry ghost (D:7)
  The ghost of Flubber the Covered, an amateur DsFi (D:3)
  3 vampire mosquitoes (D:10)
  Edmund (D:5)
  Duvessa (D:4)
  A soldier ant (D:9)
  2 water moccasins (D:9)
  An orc warrior (D:9)
  2 slaves (D:5)
  2 phantoms (D:9)
  A necrophage (D:8)
  2 wasps (D:9)
  3 ice beasts
  A black bear (D:11)
  6 ogres
  3 centaurs
  2 crocodiles
  9 big kobolds
  A wyvern zombie (D:7)
  6 giant frogs
  Dowan (D:4)
  3 scorpions
  A water moccasin skeleton (D:6)
  11 killer bees
  2 howler monkeys
  6 centaur zombies
  3 giant frog zombies
  4 crimson imps
  2 jellies
  A quasit (D:8)
  A centaur skeleton (D:8)
  7 hounds
  2 giant frog skeletons (D:8)
  7 orc priests
  7 orc wizards
  Crazy Yiuf (D:3)
  7 iguanas
  11 worker ants
  A killer bee zombie (D:7)
  2 hound skeletons
  4 gnolls (D:3)
  20 adders
  A shadow imp (D:4)
  2 oozes
  An adder skeleton (D:7)
  A worm (D:2)
  A dart slug (D:2)
  7 giant geckos
  27 orcs
  A ball python (D:3)
  4 bats
  6 giant cockroaches
  8 goblins
  6 hobgoblins
  10 jackals
  12 kobolds
  5 quokkas
  4 giant newts
  3 jackal zombies
  A quokka skeleton (D:6)
  9 rats
275 creatures vanquished.

Vanquished Creatures (others)
  A crimson imp (D:6)
  A centaur skeleton (D:6)
  A giant gecko (D:6)
  2 orcs (D:6)
5 creatures vanquished.

Grand Total: 280 creatures vanquished

Notes
Turn   | Place    | Note
--------------------------------------------------------------
     0 | D:1      | laaw the Human Fighter began the quest for the Orb.
     0 | D:1      | Reached XP level 1. HP: 18/18 MP: 1/1
   507 | D:1      | Reached XP level 2. HP: 24/24 MP: 2/2
   984 | D:2      | Reached XP level 3. HP: 27/29 MP: 3/3
  1393 | D:2      | Reached XP level 4. HP: 32/35 MP: 4/4
  1460 | D:3      | Noticed Grinder
  1681 | D:2      | Found an oddly glowing altar of Pakellas.
  1681 | D:2      | Noticed a fire dragon
  1941 | D:3      | Reached skill level 1 in Dodging
  1941 | D:3      | Reached XP level 5. HP: 11/41 MP: 5/5
  2256 | D:3      | Killed Grinder
  2256 | D:3      | Reached skill level 4 in Shields
  2256 | D:3      | Reached XP level 6. HP: 21/48 MP: 6/6
  2427 | D:3      | Noticed Crazy Yiuf
  2443 | D:3      | Killed Crazy Yiuf
  3121 | D:3      | Reached XP level 7. HP: 48/54 MP: 7/7
  3298 | D:3      | Noticed Flubber's ghost (amateur DsFi)
  3317 | D:3      | Killed Flubber's ghost
  3317 | D:3      | Reached skill level 1 in Throwing
  3910 | D:5      | Entered Level 5 of the Dungeon
  3970 | D:4      | Reached skill level 5 in Armour
  4316 | D:4      | Reached XP level 8. HP: 44/60 MP: 8/8
  4560 | D:4      | Reached skill level 1 in Stealth
  4676 | D:5      | Reached skill level 5 in Shields
  4974 | D:5      | Noticed Edmund
  4988 | D:5      | Killed Edmund
  5095 | D:5      | Noticed Dowan
  5096 | D:5      | Noticed Eustachio
  5097 | D:5      | Noticed Duvessa
  5122 | D:4      | Killed Eustachio
  5379 | D:4      | Killed Duvessa
  5381 | D:4      | Killed Dowan
  5484 | D:5      | Reached XP level 9. HP: 56/66 MP: 9/9
  5570 | D:5      | Reached skill level 5 in Axes
  5690 | D:6      | Noticed Pikel
  5708 | D:5      | Reached skill level 5 in Fighting
  6321 | D:5      | Reached skill level 6 in Shields
  6339 | D:5      | Killed Pikel
  6339 | D:5      | Reached skill level 5 in Dodging
  6769 | D:6      | Found a deep blue altar of Sif Muna.
  6771 | D:6      | Found a sparkling altar of Nemelex Xobeh.
  6899 | D:6      | Reached skill level 1 in Maces & Flails
  7343 | D:7      | Reached XP level 10. HP: 43/76 MP: 10/10
  7574 | D:7      | Got a pitted hand axe
  7575 | D:7      | Identified the cursed +2 hand axe of the Yoke {elec, rN+} (You found it on level 7 of the Dungeon)
  7705 | D:8      | Reached skill level 7 in Shields
  7717 | D:8      | Noticed Erica
  8030 | D:7      | Found a staircase to the Ecumenical Temple.
  8039 | Temple   | Entered the Ecumenical Temple
  8110 | Temple   | Became a worshipper of Makhleb the Destroyer
  8310 | D:8      | Noticed Psyche
  8332 | D:8      | Killed Psyche
  8993 | D:8      | Reached * piety under Makhleb
  9072 | D:8      | Killed Erica
  9206 | D:8      | Found Lux Fimu's Antique Weapon Boutique.
  9225 | D:8      | Bought an encrusted whip for 240 gold pieces
  9225 | D:8      | Identified the +6 whip of Tethoize {freeze, rN+++ MR+ Int-3 SInv} (You bought it in a shop on level 8 of the Dungeon)
  9606 | D:8      | Reached skill level 8 in Shields
  9606 | D:8      | Reached XP level 11. HP: 83/83 MP: 11/11
  9635 | D:8      | Reached ** piety under Makhleb
 10950 | D:9      | Reached skill level 9 in Shields
 11069 | D:9      | Reached *** piety under Makhleb
 11130 | D:10     | Entered Level 10 of the Dungeon
 11130 | D:10     | Noticed Joseph
 11158 | D:10     | Killed Joseph
 11382 | D:10     | Found a staircase to the Lair.
 12263 | D:9      | Found a glowing golden altar of the Shining One.
 12563 | D:10     | Reached **** piety under Makhleb
 12746 | D:10     | Noticed Harold
 12783 | D:10     | Killed Harold
 12982 | D:10     | Noticed a vault guard
 13171 | D:11     | Reached XP level 12. HP: 91/91 MP: 12/12
 13261 | D:11     | HP: 4/91 [hill giant/giant spiked club (27)]
 13286 | D:10     | Slain by a vault guard

Skill      XL: |  1  2  3  4  5  6  7  8  9 10 11 |
---------------+----------------------------------+-----
Dodging        | 1 2 4 5 6 7 |  7.6
Fighting       | 4 5 6 7 |  7.5
Axes           | 3 4 5 6 |  6.8
Armour         | 4 5 6 7 8 |  8.3
Shields        | 4 5 6 8 9 |  9.7
Throwing       | 1 2 3 4 |  4.2
Stealth        | 1 |  1.8
Maces & Flails | 1 4 |  4.0

Action                   |  1- 3 |  4- 6 |  7- 9 | 10-12 || total
-------------------------+-------+-------+-------+-------++-------
Melee: War axe           |    70 |    65 |       |       ||   135
       Hand axe          |       |    54 |   318 |   123 ||   495
       Flail             |       |       |    26 |       ||    26
       Whip              |       |       |       |   607 ||   607
Throw: Tomahawk          |       |    13 |    29 |    35 ||    77
Invok: Lesser Servant of |       |       |       |     1 ||     1
       Major Destruction |       |       |       |     1 ||     1
  Use: Scroll            |     3 |     6 |     3 |     8 ||    20
       Potion            |       |     1 |       |     1 ||     2
  Eat: Chunk             |     1 |     2 |     9 |    11 ||    23
       Bread ration      |       |     1 |     1 |     1 ||     3
       Fruit             |       |       |       |     1 ||     1
       Royal jelly       |       |       |       |     3 ||     3
Armor: Scale mail        |    16 |       |       |       ||    16
       Ring mail         |    10 |    39 |   101 |    34 ||   184
       Chain mail        |       |       |       |   199 ||   199
Dodge: Dodged            |    17 |    33 |   112 |   211 ||   373
Block: Shield            |    31 |    51 |   154 |   375 ||   611
